General information
			
			
        
        - name: BNet
 
        - type: Ladder team game (AT/RT)
 
        - host: Battle.net
 
        - saver: screwl00se
 
        
map: GnollWood 
        - players: 6
 
        - length: 24:38
 
        - speed: Fast
 - version: 1.22 W3XP
 - replay type:  Public
 
» download(160 KB)
Players
        team 1 (winner) 
              
              
screwl00se (
red | 124 APM | 3062 actions | 24:38)
              
 6 Pandaren Brewmaster 
 3 Breath of Fire
 1 Drunken Haze
 1 Drunken Brawler
 1 Storm Earth and Fire
 
                » actions 
                
                | Assign group hotkey | 25 |  | 
| Basic commands | 270 |  | 
| Build / train | 78 |  | 
| ESC pressed | 4 |  | 
| Enter build submenu | 48 |  | 
| Enter hero's abilities submenu | 6 |  | 
| Remove unit from queue | 7 |  | 
| Right click | 1847 |  | 
| Select / deselect | 447 |  | 
| Select group hotkey | 172 |  | 
| Use ability | 157 |  | 
                3062 total
 » units 
                
                | Wisp | 34 |  | 
| Dryad | 6 |  | 
| Druid of the Claw | 10 |  | 
                50 total
 » upgrades
                
                | Druid of the Claw Training | 2 |  | 
| Strength of the Wild | 2 |  | 
| Mark of the Claw | 1 |  | 
                5 total
 » buildings
                
                | Moon Well | 10 |  | 
| Ancient of War | 6 |  | 
| Altar of Elders | 1 |  | 
| Tree of Life | 2 |  | 
| Ancient of Wonders | 4 |  | 
| Hunter's Hall | 1 |  | 
| Tree of Ages | 2 |  | 
| Ancient Protector | 7 |  | 
| Ancient of Lore | 4 |  | 
| Tree of Eternity | 1 |  | 
                38 total
 » build order
                00:27 Moon Well
00:54 Ancient of War
01:01 Altar of Elders
02:07 Ancient of War
02:53 Ancient of War
03:04 Moon Well
03:08 Moon Well
03:18 Ancient of War
03:27 Moon Well
04:38 Moon Well
04:49 Tree of Life
05:31 Ancient of Wonders
05:36 Hunter's Hall
05:38 Ancient of War
05:39 Ancient of War
06:49 Ancient of Wonders
07:05 Ancient of Wonders
07:35 Tree of Ages
07:39 Ancient Protector
07:41 Ancient Protector
09:04 Ancient Protector
09:06 Ancient Protector
09:38 Tree of Ages
12:28 Ancient of Lore
12:28 Ancient of Lore
12:29 Ancient of Lore
12:32 Ancient of Lore
12:56 Ancient Protector
12:59 Ancient Protector
13:02 Ancient Protector
15:11 Moon Well
16:15 Tree of Eternity
16:44 Moon Well
22:57 Moon Well
22:57 Moon Well
22:58 Ancient of Wonders
23:00 Tree of Life
23:38 Moon Well
» items
                
                | Lesser Clarity Potion | 2 |  | 
| Staff of Teleportation | 1 |  | 
| Potion of Lesser Invulnerability | 2 |  | 
| Boots of Speed | 1 |  | 
                6 total
  
               
              
              
E.C.S.T.A.C.Y (
purple | 41 APM | 1013 actions | 24:37)
              
 4 Mountain King 
 2 Storm Bolt
 2 Bash
 3 Blood Mage 
 2 Flame Strike
 1 Banish
 
                » actions 
                
                | Basic commands | 87 |  | 
| Build / train | 71 |  | 
| ESC pressed | 1 |  | 
| Enter build submenu | 20 |  | 
| Enter hero's abilities submenu | 7 |  | 
| Right click | 420 |  | 
| Select / deselect | 353 |  | 
| Use ability | 54 |  | 
                1013 total
 » units 
                
                | Peasant | 14 |  | 
| Footman | 22 |  | 
| Sorceress | 8 |  | 
| Knight | 6 |  | 
                50 total
 » upgrades
                
                | Priest Training | 1 |  | 
| Sorceress Training | 2 |  | 
| Animal War Training | 1 |  | 
                4 total
 » buildings
                
                | Barracks | 2 |  | 
| Farm | 8 |  | 
| Altar of Kings | 1 |  | 
| Keep | 1 |  | 
| Arcane Sanctum | 1 |  | 
| Arcane Vault | 1 |  | 
| Castle | 1 |  | 
| Scout Tower | 1 |  | 
| Lumber Mill | 1 |  | 
| Blacksmith | 1 |  | 
                18 total
 » build order
                00:11 Barracks
00:35 Farm
01:05 Altar of Kings
01:11 Farm
01:54 Barracks
02:03 Farm
02:45 Farm
04:32 Keep
04:34 Farm
07:21 Arcane Sanctum
09:10 Farm
11:14 Arcane Vault
11:39 Castle
13:33 Scout Tower
14:04 Lumber Mill
15:10 Blacksmith
16:06 Farm
16:23 Farm
» items
                
                | Scroll of Regeneration | 1 |  | 
| Lesser Clarity Potion | 1 |  | 
| Scroll of Town Portal | 1 |  | 
| Orb of Fire | 1 |  | 
                4 total
  
               
              
              
» 
Merrin (
pink | 43 APM | 1052 actions | 24:37)
              
 5 Warden 
 3 Shadow Strike
 2 Blink
 
                » actions 
                
                | Assign group hotkey | 6 |  | 
| Basic commands | 1 |  | 
| Build / train | 79 |  | 
| Enter build submenu | 27 |  | 
| Enter hero's abilities submenu | 5 |  | 
| Remove unit from queue | 6 |  | 
| Right click | 507 |  | 
| Select / deselect | 346 |  | 
| Select group hotkey | 14 |  | 
| Use ability | 61 |  | 
                1052 total
 » units 
                » upgrades
                
                | Strength of the Wild | 1 |  | 
| Reinforced Hides | 1 |  | 
                2 total
 » buildings
                
                | Altar of Elders | 2 |  | 
| Moon Well | 13 |  | 
| Ancient of War | 2 |  | 
| Ancient of Wonders | 1 |  | 
| Tree of Ages | 1 |  | 
| Hunter's Hall | 1 |  | 
| Ancient of Wind | 1 |  | 
| Tree of Eternity | 1 |  | 
| Tree of Life | 1 |  | 
                23 total
 » build order
                00:11 Altar of Elders
00:16 Moon Well
00:58 Ancient of War
01:58 Moon Well
02:01 Moon Well
04:37 Ancient of Wonders
04:41 Tree of Ages
05:23 Hunter's Hall
06:55 Moon Well
07:03 Ancient of Wind
07:42 Moon Well
09:40 Tree of Eternity
09:42 Moon Well
09:46 Moon Well
10:40 Moon Well
10:43 Moon Well
13:49 Altar of Elders
14:19 Tree of Life
14:43 Ancient of War
14:55 Moon Well
14:58 Moon Well
15:00 Moon Well
19:04 Moon Well
 
               team 2 (loser) 
              
              
Scalpal (
blue | 82 APM | 1801 actions | 22:05)
              
 4 Demon Hunter 
 2 Mana Burn
 2 Evasion
 3 Keeper of the Grove 
 2 Entangling Roots
 1 Force of Nature
 
                » actions 
                
                | Assign group hotkey | 8 |  | 
| Basic commands | 322 |  | 
| Build / train | 57 |  | 
| Enter build submenu | 15 |  | 
| Enter hero's abilities submenu | 7 |  | 
| Remove unit from queue | 2 |  | 
| Right click | 860 |  | 
| Select / deselect | 448 |  | 
| Select group hotkey | 18 |  | 
| Use ability | 64 |  | 
                1801 total
 » units 
                
                | Wisp | 9 |  | 
| Archer | 4 |  | 
| Huntress | 11 |  | 
| Dryad | 17 |  | 
                41 total
 » upgrades
                
                | Abolish Magic | 1 |  | 
| Strength of the Wild | 2 |  | 
                3 total
 » buildings
                
                | Altar of Elders | 1 |  | 
| Moon Well | 6 |  | 
| Ancient of War | 3 |  | 
| Hunter's Hall | 1 |  | 
| Tree of Ages | 1 |  | 
| Ancient of Lore | 2 |  | 
                14 total
 » build order
                00:08 Altar of Elders
00:19 Moon Well
01:39 Ancient of War
02:24 Hunter's Hall
02:41 Ancient of War
02:46 Moon Well
03:31 Moon Well
04:16 Ancient of War
05:37 Moon Well
07:02 Tree of Ages
09:33 Moon Well
10:43 Ancient of Lore
12:33 Ancient of Lore
14:06 Moon Well
 
               
              
              
» 
D-R-A-G-O-N (
teal | 72 APM | 1603 actions | 22:12)
              
 5 Priestess of the Moon 
 3 Trueshot Aura
 2 Searing Arrows
 
                » actions 
                
                | Assign group hotkey | 8 |  | 
| Basic commands | 180 |  | 
| Build / train | 27 |  | 
| Enter build submenu | 14 |  | 
| Enter hero's abilities submenu | 5 |  | 
| Right click | 595 |  | 
| Select / deselect | 182 |  | 
| Select group hotkey | 561 |  | 
| Use ability | 31 |  | 
                1603 total
 » units 
                » buildings
                
                | Altar of Elders | 1 |  | 
| Moon Well | 7 |  | 
| Ancient of War | 3 |  | 
                11 total
 » build order
                00:16 Altar of Elders
00:31 Moon Well
00:45 Ancient of War
03:53 Moon Well
04:04 Moon Well
04:05 Moon Well
06:01 Moon Well
06:07 Moon Well
06:10 Moon Well
06:16 Ancient of War
06:27 Ancient of War
 
               
              
              
warrior-of-mirk (
green | 49 APM | 1199 actions | 24:36)
              
 5 Demon Hunter 
 2 Immolation
 3 Evasion
 3 Keeper of the Grove 
 1 Entangling Roots
 2 Thorns Aura
 2 Priestess of the Moon 
 1 Trueshot Aura
 1 Searing Arrows
 
                » actions 
                
                | Build / train | 64 |  | 
| ESC pressed | 2 |  | 
| Enter build submenu | 12 |  | 
| Enter hero's abilities submenu | 10 |  | 
| Right click | 786 |  | 
| Select / deselect | 272 |  | 
| Use ability | 53 |  | 
                1199 total
 » units 
                
                | Wisp | 15 |  | 
| Archer | 6 |  | 
| Huntress | 8 |  | 
| Dryad | 6 |  | 
| Druid of the Claw | 5 |  | 
                40 total
 » upgrades
                
                | Sentinel | 1 |  | 
| Strength of the Moon | 1 |  | 
| Strength of the Wild | 1 |  | 
| Upgrade Moon Glaive | 1 |  | 
| Druid of the Claw Training | 2 |  | 
| Abolish Magic | 1 |  | 
| Mark of the Claw | 1 |  | 
                8 total
 » buildings
                
                | Moon Well | 6 |  | 
| Altar of Elders | 1 |  | 
| Ancient of War | 1 |  | 
| Tree of Ages | 1 |  | 
| Hunter's Hall | 1 |  | 
| Tree of Eternity | 1 |  | 
| Ancient of Lore | 2 |  | 
                13 total
 » build order
                00:29 Moon Well
00:50 Altar of Elders
01:45 Ancient of War
02:14 Moon Well
04:19 Tree of Ages
04:24 Hunter's Hall
04:30 Moon Well
07:53 Tree of Eternity
10:49 Ancient of Lore
10:54 Moon Well
12:27 Moon Well
14:01 Moon Well
18:11 Ancient of Lore
 
                Chat log
          (00:04 / All) E.C.S.T.A.C.Y: gg 
(00:14 / All) E.C.S.T.A.C.Y: lucky
(00:22 / Allies) E.C.S.T.A.C.Y: im rushing
(00:30 / Allies) screwl00se: me too
(00:36 / Allies) Merrin: well ill join in then
(00:37 / Allies) screwl00se: gonna get tavern panda
(00:48 / Allies) screwl00se: if this guy isnt the ne
(00:48 / Allies) Merrin: awsome, been awhile sicnce i saw someone use him
(00:48 / Allies) screwl00se: I am mad
(00:58 / Allies) screwl00se: sweet
(01:25 / Allies) screwl00se: rush that guy
(01:25 / Allies) screwl00se: lol
(01:37 / Allies) Merrin: alright ill haras him
(01:43 / Allies) screwl00se: that tavern
(01:45 / Allies) Merrin: youy couldve just gone there
(01:49 / Allies) screwl00se: it's closer to hsi baes
(02:33 / Allies) Merrin: brt red
(02:34 / Allies) E.C.S.T.A.C.Y: o snap son
(02:54 / All) screwl00se: annoying
(03:31 / Allies) screwl00se: well building there
(04:18 / Allies) E.C.S.T.A.C.Y: u were
(04:24 / Allies) E.C.S.T.A.C.Y: attacking ure building
(06:24 / Allies) Merrin: im going to my base
(06:27 / Allies) Merrin: can you guys come with me
(09:15 / Allies) screwl00se: who wants gold
(09:28 / Allies) Merrin: i need wood
(09:32 / Allies) Merrin: but yeah gtold would be nice
(09:49 / Allies) Merrin: \making chims
(10:23 / Allies) Merrin: i need gold now
(10:26 / Allies) Merrin: if you got some to spare
(10:36 / Allies) Merrin: wow
(10:42 / Allies) screwl00se: I have an expo and no units
(11:03 / Allies) E.C.S.T.A.C.Y: shit
(11:04 / Allies) E.C.S.T.A.C.Y: shit
(11:52 / Allies) E.C.S.T.A.C.Y: use trees
(11:54 / Allies) E.C.S.T.A.C.Y: n shit
(12:05 / Allies) E.C.S.T.A.C.Y: gme some gold red
(12:15 / Allies) E.C.S.T.A.C.Y: gold red
(12:16 / Allies) E.C.S.T.A.C.Y: asap
(14:13 / Allies) Merrin: were gonna need ya red
(14:27 / Allies) Merrin: big time
(14:28 / Allies) Merrin: spend
(14:54 / Allies) E.C.S.T.A.C.Y: red gme gold
(14:55 / Allies) E.C.S.T.A.C.Y: assap
(15:53 / Allies) E.C.S.T.A.C.Y: shit
(15:54 / Allies) E.C.S.T.A.C.Y: ima get hit
(17:03 / Allies) Merrin: gold plz
(19:55 / Allies) Merrin: gold 
(22:15 / All) E.C.S.T.A.C.Y: nice
(22:15 / All) warrior-of-mirk: gg
(22:17 / All) warrior-of-mirk: arghghh
(23:31 / Allies) Merrin: puro
(23:34 / Allies) Merrin: can you call militia
(23:57 / Allies) screwl00se: sec
(24:33 / All) warrior-of-mirk: gg